 Dungeon Crawl Stone Soup version 0.31-a0-271-gb88eb75e06 (webtiles) character file.

Game seed: 7693038258424367322

56 cforsyth the Changeling (level 4, -3/54 HPs)
             Began as a Meteoran Shapeshifter on July 14, 2023.
             Slain by a hornet (7 damage)
             ... on level 5 of the Dungeon.
             The game lasted 00:03:06 (652 turns).

cforsyth the Changeling (Meteoran Shapeshifter)      Turns: 652, Time: 00:03:07

Health: -3/54      AC: 22    Str: 18    XL:     4   Next: 39%
Magic:  5/5        EV:  2    Int:  9    God:
Gold:   20         SH:  0    Dex: 15    Spells: 3/3 levels left

rFire   . .          .
                       - Unarmed
rCold   . . .        (no shield)
rNeg    . . .        n - melded +1 chain mail of Mental Paralysis {rElec Int+4}
rPois   +            (helmet currently unavailable)
rElec   .            (cloak currently unavailable)
rCorr   .            (gloves currently unavailable)
SInv    .            (boots currently unavailable)
Will    .....        (no amulet)
Stlth   +            (no ring)
HPRegen 0.29/turn    (no ring)
MPRegen 0.09/turn

%: no passive effects
@: tree-form, slowed, glowing, very slow
A: stationary, stasis, torment immunity, boosted hp, sense surroundings 1,
otherworldly, glowing, explore regen
a: no special abilities


You were on level 5 of the Dungeon.
You were a tree.
You visited 1 branch of the dungeon, and saw 5 of its levels.

You collected 20 gold pieces.

Inventory:

Armour
 a - a +0 animal skin
 l - a +0 plate armour
 n - the +1 chain mail of Mental Paralysis (melded) {rElec Int+4}
   (You found it on level 4 of the Dungeon)

   Int:       It affects your intelligence (+4).
   rElec:     It insulates you from electricity.
Jewellery
 d - a ring of fire
 e - a ring of wizardry
Talismans
 c - a beast talisman
Scrolls
 g - a scroll of poison {unknown}
 i - a scroll of fear {unknown}
 k - 3 scrolls of vulnerability {unknown}
 m - a scroll of identify {unknown}
Potions
 b - a potion of lignification
 f - 2 potions of mutation {unknown}
 h - a potion of might {unknown}
 j - a potion of curing {unknown}


   Skills:
 - Level 2.1 Fighting
 - Level 2.4 Dodging
 + Level 3.9 Unarmed Combat
 + Level 4.4 Shapeshifting


You had 3 spell levels left.
You didn't know any spells.
Your spell library contained the following spells:

 Spells                   Type           Power      Damage    Failure   Level
 Frozen Ramparts          Ice            0%         1d1       77%         3
 Petrify                  Tmut/Erth      0%         N/A       99%         4
 Metabolic Englaciation   Hex/Ice        0%         N/A       100%        5


Dungeon Overview and Level Annotations

Branches:
Dungeon (5/15) Zot: 2347
 Temple: D:4-7

Altars:
Zin


Innate Abilities, Weirdness & Mutations

You are a tree.
Your roots penetrate the ground, keeping you stationary.
You cannot be teleported.
You are immune to unholy pain and torment.
Your maximum health is greatly increased.
Your equipment is partially melded.
You passively map a small area around you.
You are easily found by Zot.
You glow in the dark.
You regain HP and MP as you explore.


Message History

You feel yourself slow down.
Unknown command.
You punch the hornet!
The hornet is moderately wounded.
You feel very sick. The hornet stings you.
You feel as though you will be slow longer.
The hornet stings you!
You feel as though you will be slow longer.
Really quaff the potion of lignification?
Your transformation has ended.
You turn into a tree.
The +1 chain mail of Mental Paralysis {rElec Int+4} melds into your body.
Your roots penetrate the ground.
You feel sick.
The hornet stings you but does no damage.
The hornet stings you!
* * * LOW HITPOINT WARNING * * *
You smack the hornet!
The hornet is heavily wounded.
You feel sick. The hornet barely misses you.
The hornet stings you but does no damage.
You hit the hornet.
The hornet is severely wounded.
You feel sick. The hornet stings you.
* * * LOW HITPOINT WARNING * * *
The hornet stings you but does no damage.
You closely miss the hornet.
The hornet is severely wounded.
You feel sick.
You are no longer poisoned.
The hornet stings you!
* * * LOW HITPOINT WARNING * * *
The hornet stings you but does no damage.
You barely miss the hornet.
The hornet is severely wounded.
The hornet stings you.
* * * LOW HITPOINT WARNING * * *
The hornet stings you but does no damage.
The hornet stings you!
You die...

###
#######.#############
* ,
#.........(..♣y......
#.#####.#.###########
#.# #.#.# , #.# #.#.#
#.#####.#.# , ,
#.#..<#.#.#
#.#...#.#.# , ,
#.#.#.#.#.#,* *
#.###.# ,


You could see a hornet.

Vanquished Creatures
  2 adders (D:3)
  A dart slug (D:3)
  An orc (D:3)
  4 endoplasms (D:1)
  5 giant cockroaches
  4 goblins
  3 hobgoblins
  2 kobolds (D:2)
  A quokka (D:1)
  3 ball pythons
  3 bats
  A rat (D:2)
30 creatures vanquished.

Notes
Turn   | Place    | Note
-------+----------+-------------------------------------------
     0 | D:1      | cforsyth the Meteoran Shapeshifter began the quest for the
                  | Orb.
     0 | D:1      | Reached XP level 1. HP: 17/17 MP: 2/2
   109 | D:1      | Reached XP level 2. HP: 24/24 MP: 3/3
   244 | D:1      | Reached skill level 4 in Shapeshifting
   259 | D:1      | Reached XP level 3. HP: 22/29 MP: 4/4
   488 | D:3      | Found a glowing silver altar of Zin.
   516 | D:3      | Reached XP level 4. HP: 36/36 MP: 5/5
   598 | D:4      | Identified the +1 chain mail of Mental Paralysis {rElec
                  | Int+4}
   620 | D:5      | Entered Level 5 of the Dungeon
   644 | D:5      | Noticed a hornet
   652 | D:5      | Slain by a hornet

Illustrated notes

Levels and vault maps discovered:
D:1:      onia_arrival_pentagram, layout_basic, chequers_serial_rivers_room_a,
          minmay_misc_feat_columns, serial_bayou_pond_b
D:2:      layout_rooms, basic_altar
D:3:      layout_rooms, mainiacjoe_overflow_24_doors
D:4:      layout_rooms
D:5:      layout_basic, serial_shops, nicolae_take_the_stairs

Skill      XL: |  1  2 |
---------------+-------+-----
Unarmed Combat | 3 |  3.9
Shapeshifting  | 4 |  4.4
Fighting       | |  2.1
Dodging        | |  2.4

Action                     |  1- 3 |  4- 6 || total
---------------------------+-------+-------++-------
  Melee: Unarmed           |    67 |    14 ||    81
         Punch             |     2 |     1 ||     3
    Use: Potion            |       |     1 ||     1
 Armour: Animal skin       |    13 |       ||    13
         Plate armour      |     9 |     4 ||    13
         Skin              |       |     5 ||     5
  Dodge: Dodged            |    37 |     2 ||    39

Table legend: (Time is in decaauts)
 A = Elapsed time spent in this place.
 B = Non-inter-level travel time spent in this place.
 C = Inter-level travel time spent in this place.
 D = Time resting spent in this place.
 E = Time spent auto-exploring this place.
 F = Levels seen in this place.
 G = Mean time per level.
                   A        B        C        D        E       F      G
               +--------+--------+--------+--------+--------+-----+--------+
         Total |    651 |    651 |      0 |      0 |      0 |   5 |  130.2 |
       Dungeon |    651 |    651 |      0 |      0 |      0 |   5 |  130.2 |
               +--------+--------+--------+--------+--------+-----+--------+

Top non-repeatable levels by time:
     D:1: 310 daAuts
     D:3: 154 daAuts
     D:2: 105 daAuts
     D:4: 47 daAuts
     D:5: 34 daAuts
